 Dungeon Crawl Stone Soup version 0.31-a0-986-g5e6e4ef867 (webtiles) character file.

Game seed: 12539145395640578534

46 LeprechaunX the Changeling (level 3, -6/24 HPs)
             Began as an Octopode Shapeshifter on Nov 8, 2023.
             Mangled by Sigmund
             ... wielding a +0 scythe
              (11 damage)
             ... on level 3 of the Dungeon.
             The game lasted 00:01:28 (1972 turns).

LeprechaunX the Changeling (Octopode Shapeshifter)  Turns: 1972, Time: 00:01:28

Health: -6/24      AC:  1    Str: 13    XL:     3   Next: 68%
Magic:  3/3        EV: 12    Int: 12    God:
Gold:   178        SH:  4    Dex: 13    Spells: 2/2 levels left

rFire   . .          .
                       - Unarmed
rCold   . . .        p - +0 buckler
rNeg    . . .        (helmet currently unavailable)
rPois   .            (no amulet)
rElec   .            (no ring)
rCorr   .            (no ring)
SInv    .            (no ring)
Will    .....        (no ring)
Stlth   ++           (no ring)
HPRegen 0.24/turn    (no ring)
MPRegen 0.08/turn    (no ring)
                     (no ring)

%: no passive effects
@: beast-form
A: beast (slay +2), almost no armour, amphibious, 8 rings, camouflage 1,
gelatinous body 1, (nimble swimmer 1), tentacles
a: Begin Untransformation


You were on level 3 of the Dungeon.
You were a hulking beast.
You visited 1 branch of the dungeon, and saw 3 of its levels.

You collected 178 gold pieces.

Inventory:

Armour
 p - a +0 buckler (worn)
Talismans
 b - a beast talisman
 c - a flux talisman
Scrolls
 d - a scroll of fear {unknown}
 h - 2 scrolls of immolation {unknown}
 i - 3 scrolls of noise {unknown}
 k - a scroll of vulnerability {unknown}
 l - 2 scrolls of teleportation {unknown}
 m - 4 scrolls of amnesia {unknown}
 n - 2 scrolls of poison {unknown}
 q - 3 scrolls of identify {unknown}
Potions
 a - a potion of lignification
 e - a potion of degeneration {unknown}
 f - 2 potions of invisibility {unknown}
 g - 4 potions of curing {unknown}
 j - a potion of mutation {unknown}
 o - 2 potions of brilliance {unknown}
 r - a potion of ambrosia {unknown}
 s - a potion of haste {unknown}


   Skills:
 + Level 1.8 Fighting
 - Level 2.0 Dodging
 + Level 3.4 Unarmed Combat
 * Level 3.7 Shapeshifting


You had 2 spell levels left.
You didn't know any spells.
Your spell library contained the following spells:

 Spells                   Type           Power      Damage    Failure   Level
 Magic Dart               Conj           0%         1d3       43%         1
 Summon Small Mammal      Summ           0%         N/A       43%         1
 Blink                    Tloc           0%         N/A       56%         2
 Call Imp                 Summ           0%         N/A       56%         2
 Call Canine Familiar     Summ           0%         N/A       80%         3
 Mephitic Cloud           Conj/Pois/Air  0%         N/A       80%         3
 Summon Guardian Golem    Hex/Summ       0%         N/A       80%         3
 Animate Dead             Necr           0%         N/A       99%         4
 Manifold Assault         Tloc           0%         N/A       99%         4
 Haunt                    Necr/Summ      0%         N/A       100%        7
 Infestation              Necr           0%         N/A       100%        8


Dungeon Overview and Level Annotations

Branches:
Dungeon (3/15)

Altars:
Qazlal
Sif Muna

Annotations:
D:3 Sigmund


Innate Abilities, Weirdness & Mutations

You are a hulking beast.
Your limbs bulge with bestial killing power. (Slay +2)
You cannot wear most types of armour.
You are amphibious.
You can wear up to eight rings at the same time.
Your skin changes colour to match your surroundings (Stealth+).
Your rubbery body absorbs attacks. (AC +1, EV +1)
((You are camouflaged when in or above water. (Stealth+)))
You have tentacles for arms and can constrict up to eight enemies at once.


Message History

You tentacle-slap the goblin.
You kill the goblin!
The rat misses you.
You tentacle-slap the rat.
You kill the rat!
The rat bites you.
You barely miss the rat. You grab the rat.
You constrict the rat, but do no damage.
The rat bites you.
You tentacle-slap the rat.
You kill the rat!
No target in view!
Key pressed, stopping explore.
You now have 167 gold pieces (gained 11).
You now have 178 gold pieces (gained 11).
Sigmund the Dreaded comes into view.
He is wielding a +0 scythe.
Sigmund is nearby!
Sigmund is nearby!
Sigmund is nearby!
Sigmund is nearby!
Sigmund is nearby!
Sigmund is nearby!
Sigmund shouts!
Sigmund gestures wildly while chanting.
Sigmund flickers and vanishes!
Deactivating autopickup; reactivate with Ctrl-A.
No target in view!
No target in view!
No target in view!
Something hits you. Something hits you!
You tentacle-slap something. You tentacle-slap something.
You hear some strange, mumbled words.
A puff of flame appears from out of thin air!
The puff of flame hits you!
* * * LOW HITPOINT WARNING * * *
You tentacle-slap something but do no damage.
Something hits you!
You die...

#+# .# ###.##
#.... .. #!#.####
... #.#....##...
#####...........
#...{h..........
#.####..........
#.##...........#
#....#.........#
######.........#
#.........#
#.........# #
#.........#######
#...††...........


There were no monsters in sight!

Vanquished Creatures
  An adder (D:3)
  4 ball pythons
  7 bats
  4 endoplasms
  A giant cockroach (D:1)
  4 hobgoblins
  2 kobolds (D:1)
  2 quokkas
  A frilled lizard (D:3)
  2 goblins
  4 rats
32 creatures vanquished.

Notes
Turn   | Place    | Note
-------+----------+-------------------------------------------
     0 | D:1      | LeprechaunX the Octopode Shapeshifter began the quest for
                  | the Orb.
     0 | D:1      | Reached XP level 1. HP: 13/13 MP: 1/1
   116 | D:1      | Reached XP level 2. HP: 18/18 MP: 2/2
   892 | D:2      | Found a shimmering blue altar of Sif Muna.
  1530 | D:3      | Reached XP level 3. HP: 23/23 MP: 3/3
  1712 | D:3      | Found a stormy altar of Qazlal.
  1940 | D:3      | Noticed Sigmund
  1972 | D:3      | Mangled by Sigmund

Illustrated notes

Levels and vault maps discovered:
D:1:      dpeg_arrival_shrine, layout_basic
D:2:      layout_loops_corners, basic_altar
D:3:      layout_basic, nicolae_qazlal_eye_of_the_storm, uniq_sigmund

Action                     || total
---------------------------++-------
  Melee: Unarmed           ||    65
         Constrict         ||    13
         Tentacles         ||     7
         Punch             ||     2
   Stab: Sleeping          ||     8
 Armour: Skin              ||    29
  Dodge: Dodged            ||    40
  Block: Buckler           ||     7

Table legend: (Time is in decaauts)
 A = Elapsed time spent in this place.
 B = Non-inter-level travel time spent in this place.
 C = Inter-level travel time spent in this place.
 D = Time resting spent in this place.
 E = Time spent auto-exploring this place.
 F = Levels seen in this place.
 G = Mean time per level.
                   A        B        C        D        E       F      G
               +--------+--------+--------+--------+--------+-----+--------+
         Total |   1970 |   1922 |     48 |      0 |   1667 |   3 |  656.7 |
       Dungeon |   1970 |   1922 |     48 |      0 |   1667 |   3 |  656.7 |
               +--------+--------+--------+--------+--------+-----+--------+

Top non-repeatable levels by time:
     D:2: 836 daAuts
     D:1: 629 daAuts
     D:3: 503 daAuts
